 Dungeon Crawl Stone Soup version 0.30-a0-331-g8ab09dc110 (webtiles) character file.

Game seed: 17841500019536361710

13521 greasedhog the Cleaver (level 11, -13/99 HPs)
             Began as a Minotaur Fighter on Oct 29, 2022.
             Was a Priest of Okawaru.
             Mangled by a cane toad (15 damage)
             ... on level 1 of the Lair of Beasts.
             The game lasted 00:14:24 (8531 turns).

greasedhog the Cleaver (Minotaur Fighter)           Turns: 8531, Time: 00:14:24

Health: -13/99     AC: 13    Str: 28    XL:     11   Next: 76%
Magic:  12/12      EV: 13    Int:  5    God:    Okawaru [***...]
Gold:   777        SH:  6    Dex: 11    Spells: 10/10 levels left

rFire   + + .      SeeInvis .    y - +2 war axe (venom)
rCold   . . .      Faith    .    c - +0 buckler
rNeg    . . .      Spirit   .    G - +3 scale mail "Jabiferph" {rF+ Will++ Int-4}
rPois   .          Reflect  .    (helmet restricted)
rElec   .          Harm     .    (no cloak)
rCorr   .          Rampage  .    s - +0 pair of gloves "Tyina" {rF+ Regen+ Int+2}
Will    ++...                    (no boots)
Stlth   ..........               (no amulet)
HPRegen 1.16/turn                L - +4 ring of slaying
MPRegen 0.13/turn                w - +6 ring of strength

@: lethally poisoned (-13 -> -28)
A: horns 2, retaliatory headbutt
a: Renounce Religion, Heroism


You were on level 1 of the Lair of Beasts.
You worshipped Okawaru.
Okawaru was most pleased with you.
You visited 3 branches of the dungeon, and saw 12 of its levels.
You also visited: Bailey.

You collected 777 gold pieces.

Inventory:

Hand Weapons
 h - a +0 flail of draining
 y - a +2 war axe of venom (weapon)
Missiles
 u - a throwing net (quivered)
Armour
 c - a +0 buckler (worn)
 s - the +0 pair of gloves "Tyina" (worn) {rF+ Regen+ Int+2}
   (You found it on level 4 of the Dungeon)

   Int:       It affects your intelligence (+2).
   rF:        It protects you from fire.
   Regen:     It increases your rate of health regeneration.
 G - the +3 scale mail "Jabiferph" (worn) {rF+ Will++ Int-4}
   (You found it on level 7 of the Dungeon)

   Int:       It affects your intelligence (-4).
   rF:        It protects you from fire.
   Will:      It greatly increases your willpower.
Jewellery
 w - a +6 ring of strength (right hand)
 L - a +4 ring of slaying (left hand)
 M - a ring of ice
Wands
 q - a wand of acid (12)
 K - a wand of digging (8)
Scrolls
 k - 8 scrolls of teleportation
 m - a scroll of enchant weapon
 n - a scroll of poison
 p - 3 scrolls of magic mapping
 r - 2 scrolls of amnesia
 t - a scroll of fear
 v - 2 scrolls of immolation {unknown}
 x - 4 scrolls of enchant armour
 A - a scroll of blinking
 D - a scroll of torment {unknown}
 H - a scroll of silence {unknown}
 J - a scroll of acquirement {unknown}
Potions
 a - a potion of invisibility {unknown}
 b - 4 potions of haste {unknown}
 d - 2 potions of might
 e - 2 potions of curing
 f - 4 potions of flight
 i - 6 potions of mutation
 j - 3 potions of lignification {unknown}
 l - 2 potions of degeneration {unknown}
 o - 2 potions of ambrosia {unknown}
 z - 3 potions of brilliance {unknown}
 B - a potion of attraction {unknown}
 C - 6 potions of resistance {unknown}
 E - a potion of experience {unknown}
 F - a potion of heal wounds {unknown}
 I - a potion of magic {unknown}


   Skills:
 - Level 10.0 Fighting
 * Level 12.5 Axes
 - Level 10.0 Armour
 * Level 9.3 Dodging
 + Level 9.5 Shields
 * Level 3.8 Invocations


You had 10 spell levels left.
You didn't know any spells.
Your spell library contained the following spells:

 Spells                   Type           Power      Damage    Failure   Level
 Sandblast                Erth           0%         2d4       77%         1
 Passwall                 Tmut/Erth      0%         N/A       88%         2
 Dazzling Flash           Conj/Hex       0%         N/A       98%         3
 Ignite Poison            Fire/Tmut/Pois 0%         N/A       98%         3
 Stone Arrow              Conj/Erth      0%         3d7       98%         3
 Airstrike                Air            0%         2d(0-16)  100%        4
 Sticky Flame             Conj/Fire      0%         2d3       100%        4
 Agony                    Necr           0%         N/A       100%        5
 Lightning Bolt           Conj/Air       0%         1d11      100%        5
 Silence                  Hex/Air        0%         N/A       100%        5
 Orb of Destruction       Conj           0%         9d5       100%        7
 Ignition                 Fire           0%         3d3       100%        8
 Summon Guardian Golem    Hex/Summ       Unusable   N/A       N/A         3
 Summon Lightning Spire   Summ/Air       Unusable   N/A       N/A         4
 Spellforged Servitor     Conj/Summ      Unusable   N/A       N/A         7

Dungeon Overview and Level Annotations

Branches:
Dungeon (10/15)            Temple (1/1) D:7            Lair (1/5) D:9
 Bailey (visited)
    Orc: D:9-12

Altars:
Dithmenos
Fedhas
Gozag
Hepliaklqana
Okawaru
Trog
Wu Jian

Shops:
D:3 [


Innate Abilities, Weirdness & Mutations

You have a pair of horns on your head.
You reflexively headbutt those who attack you in melee.


Message History

You slash the cane toad!
The cane toad is heavily wounded.
You feel very sick. You block the cane toad's attack.
You barely miss the cane toad. You headbutt the cane toad!
The cane toad is severely wounded.
You feel sick. The cane toad stings you!
You are more poisoned.
The cane toad poisons you!
You barely miss the cane toad.
The cane toad is severely wounded.
You feel extremely sick. You block the cane toad's attack.
You hit the cane toad.
The cane toad is severely wounded.
You feel very sick. The cane toad closely misses you.
You slice the cane toad!!
You kill the cane toad!
Okawaru accepts your kill.
You feel very sick.
A cane toad comes into view.
You feel very sick.
You feel very sick.
The cane toad croaks.
You feel very sick.
You feel sick.
The cane toad stings you but does no damage.
You slash the cane toad!
The cane toad is lightly wounded.
You feel sick. The cane toad stings you!
* * * LOW HITPOINT WARNING * * *
You are lethally poisoned!
The cane toad poisons you!
You slice the cane toad!!
The cane toad is almost dead.
* * * LOW HITPOINT WARNING * * *
You feel very sick. The cane toad stings you!
You die...

.# #. ..# .#.. ##
. #..# ....##.
.##..#
....>..###...P#
........#P...#
#............#
......#..<...# #
......†F@....#.##
.##.....#.......##
###.##.........#
###............
#...#:.#P......
##.##.###...#.. ##
..# #### # .### ##


You could see a cane toad.

Vanquished Creatures
  An ogre mage (D:10)
  3 boulder beetles
  A centaur warrior (D:7)
  2 two-headed ogres
  An orc knight (Bailey)
  A salamander (shapeshifter) (D:9)
  Joseph (D:8)
  2 cane toads (Lair:1)
  A gargoyle (D:7)
  A kobold demonologist (D:7)
  2 trolls
  A slime creature (D:7)
  4 wyverns
  A vampire (D:10)
  4 yaks (D:7)
  2 steam dragons
  Edmund (D:5)
  4 ice beasts
  2 sky beasts (D:7)
  5 orc warriors
  A black bear (D:5)
  An ogre (D:5)
  3 wolves (Lair:1)
  4 centaurs
  4 phantoms
  4 kobold brigands
  2 bullfrogs
  3 necrophages
  3 gnoll sergeants
  3 scorpions
  2 wights (D:7)
  11 killer bees
  4 jellies
  A howler monkey (D:7)
  7 orc priests
  5 hounds
  2 iguanas
  Terence (D:2)
  7 orc wizards
  29 gnolls
  8 adders
  A shadow imp (D:7)
  2 white imps
  4 ufetubi
  2 worms
  49 orcs
  6 ball pythons
  5 bats
  4 endoplasms
  3 giant cockroaches (D:1)
  7 goblins
  8 hobgoblins
  10 kobolds
  6 quokkas
  5 frilled lizards
  9 rats
266 creatures vanquished.

Vanquished Creatures (others)
  An orc wizard (D:7)
  7 plants (D:7)
8 creatures vanquished.

Grand Total: 274 creatures vanquished

Notes
Turn   | Place    | Note
-------+----------+-------------------------------------------
     0 | D:1      | greasedhog the Minotaur Fighter began the quest for the
                  | Orb.
     0 | D:1      | Reached XP level 1. HP: 19/19 MP: 0/0
   111 | D:1      | Reached XP level 2. HP: 27/27 MP: 1/1
   483 | D:1      | Reached skill level 3 in Axes
   606 | D:1      | Reached XP level 3. HP: 33/33 MP: 2/2
  1200 | D:2      | Noticed Terence
  1204 | D:2      | Killed Terence
  1678 | D:3      | Reached XP level 4. HP: 41/41 MP: 3/3
  1791 | D:3      | Found a bloodstained altar of Trog.
  1936 | D:3      | Found Koteymone's Antique Armour Shoppe.
  2129 | D:3      | Reached XP level 5. HP: 47/47 MP: 4/4
  2485 | D:3      | Found a hazy altar of Hepliaklqana.
  2485 | D:3      | Found an ornate altar of the Wu Jian Council.
  2564 | D:4      | Reached skill level 5 in Fighting
  2564 | D:4      | Reached skill level 4 in Axes
  2564 | D:4      | Reached skill level 5 in Armour
  2670 | D:4      | Found a blossoming altar of Fedhas.
  2670 | D:4      | Found an opulent altar of Gozag.
  2699 | D:4      | Reached skill level 1 in Dodging
  2699 | D:4      | Reached XP level 6. HP: 56/56 MP: 5/5
  2833 | D:4      | Identified the +0 pair of gloves "Tyina" {rF+ Regen+ Int+2}
  3131 | D:4      | Reached skill level 5 in Axes
  3547 | D:5      | Entered Level 5 of the Dungeon
  3580 | D:5      | Reached XP level 7. HP: 45/61 MP: 6/6
  3629 | D:5      | Reached skill level 5 in Shields
  3713 | D:5      | Reached skill level 6 in Axes
  3755 | D:5      | Noticed Edmund
  3765 | D:5      | Killed Edmund
  3766 | D:5      | Reached XP level 8. HP: 66/71 MP: 7/7
  4294 | D:6      | Reached skill level 7 in Axes
  4337 | D:6      | Reached skill level 5 in Dodging
  4829 | D:7      | Reached XP level 9. HP: 81/82 MP: 8/8
  4967 | D:7      | Reached skill level 8 in Axes
  4970 | D:7      | Noticed a kobold demonologist
  4979 | D:7      | Noticed a rust devil
  4987 | D:7      | Killed a kobold demonologist
  5038 | D:7      | Noticed a troll
  5050 | D:7      | Killed a troll
  5067 | D:7      | Noticed a two-headed ogre
  5114 | D:7      | Killed a two-headed ogre
  5115 | D:7      | Reached skill level 9 in Axes
  5116 | D:7      | Noticed a centaur warrior
  5125 | D:7      | Killed a centaur warrior
  5126 | D:7      | Reached XP level 10. HP: 48/93 MP: 9/9
  5144 | D:7      | Reached skill level 10 in Fighting
  5146 | D:7      | Noticed a gargoyle
  5149 | D:7      | Noticed a boulder beetle
  5154 | D:7      | Killed a gargoyle
  5183 | D:7      | Killed a boulder beetle
  5184 | D:7      | Reached skill level 10 in Axes
  5343 | D:7      | Found a flagged portal.
  5356 | Bailey   | Entered a bailey
  5527 | Bailey   | Noticed an orc knight
  5541 | Bailey   | Killed an orc knight
  5542 | Bailey   | HP: 4/93 [gnoll/+0 halberd of electrocution (10)]
  5837 | D:7      | Identified the +3 scale mail "Jabiferph" {rF+ Will++ Int-4}
  6089 | D:7      | Reached skill level 11 in Axes
  6311 | D:7      | Found a staircase to the Ecumenical Temple.
  6334 | Temple   | Entered the Ecumenical Temple
  6344 | Temple   | Became a worshipper of Warmaster Okawaru
  6442 | D:8      | Noticed Joseph
  6454 | D:8      | Killed Joseph
  6455 | D:8      | Reached XP level 11. HP: 92/99 MP: 10/10
  7177 | D:9      | Found a staircase to the Lair.
  7207 | D:9      | Reached * piety under Okawaru
  7278 | D:9      | Reached skill level 10 in Armour
  7555 | D:10     | Entered Level 10 of the Dungeon
  7573 | D:10     | Reached skill level 1 in Invocations
  7585 | D:10     | Identified the +5 halberd of Ycruijan {flame, rC+}
  7626 | D:10     | Noticed a two-headed ogre
  7633 | D:10     | Killed a two-headed ogre
  7633 | D:10     | Reached ** piety under Okawaru
  8048 | D:10     | Noticed an ogre mage
  8058 | D:10     | Killed an ogre mage
  8059 | D:10     | Reached skill level 12 in Axes
  8081 | D:10     | Noticed a boulder beetle
  8092 | D:10     | Killed a boulder beetle
  8130 | D:10     | Identified the +3 quarterstaff "Esadyva" {protect, rElec
                  | Int-4 Dex+6}
  8154 | D:10     | Noticed a boulder beetle
  8160 | D:10     | Killed a boulder beetle
  8160 | D:10     | Reached *** piety under Okawaru
  8503 | Lair:1   | Entered Level 1 of the Lair of Beasts
  8531 | Lair:1   | HP: 2/99 [poisoned by a cane toad]
  8531 | Lair:1   | Mangled by a cane toad

Illustrated notes

Levels and vault maps discovered:
D:1:      mrwooster_arrival_statue_2, layout_loops_corners
D:2:      layout_loops_ring, minivault_24, uniq_terence
D:3:      layout_loops_corners, gammafunk_temple_overflow_wave,
          mainiacjoe_overflow_paths, serial_shops, nicolae_lakefront_shop,
          grunt_decor_mini_mirrors, minmay_misc_feat_pillars
D:4:      layout_gridville, grunt_temple_overflow_open, minmay_pentomino_pile
D:5:      nicolae_cairo_tiling_large_dashed, layout_loops_cross, uniq_edmund
D:6:      layout_cave_pools
D:7:      nzn_winding_woodlands_stair_cross
          [nzn_winding_woodlands_5x15_river_crossing,
          nzn_winding_woodlands_center_garden, nzn_winding_woodlands_5x15_pool,
          nzn_winding_woodlands_5x5_perimeter, nzn_winding_woodlands_5x5_cross,
          nzn_winding_woodlands_5x15_twine,
          nzn_winding_woodlands_center_pierced_h,
          nzn_winding_woodlands_5x15_split_checker], layout_basic,
          minmay_temple_entry_hall, enter_bailey_4
D:8:      layout_basic, uniq_joseph
D:9:      layout_rooms, lair_entry_dummy
D:10:     layout_irregular_city, nicolae_benzene_ring, wad_mini_maze
Temple:   minmay_crystal_spiral_temple
Lair:1:   layout_misc_corridors, gauntlet_entry_generic, beast_lair_carwin_10,
          uniq_fannar

Skill      XL: |  1  2  3  4  5  6  7  8  9 10 11 |
---------------+----------------------------------+-----
Fighting       | 4 5 6 8 9 10 | 10.0
Armour         | 4 5 7 9 10 | 10.0
Axes           | 3 4 5 6 7 9 11 12 | 12.5
Shields        | 4 5 6 7 8 9 |  9.5
Dodging        | 1 2 4 5 7 9 |  9.3
Invocations    | 3 |  3.8

Action                   |  1- 3 |  4- 6 |  7- 9 | 10-12 || total
-------------------------+-------+-------+-------+-------++-------
Melee: War axe           |    72 |   111 |   184 |   322 ||   689
       Headbutt          |     6 |    17 |    51 |    77 ||   151
Throw: Throwing net      |       |       |     1 |     2 ||     3
  Use: Scroll            |     5 |     2 |     2 |     4 ||    13
       Potion            |       |     1 |     1 |     4 ||     6
 Stab: Held in net/web   |       |       |     1 |     1 ||     2
Armor: Scale mail        |    40 |       |       |    72 ||   112
       Chain mail        |     1 |    52 |    15 |       ||    68
       Ring mail         |       |       |    46 |    21 ||    67
Dodge: Dodged            |    42 |    38 |   108 |   231 ||   419
Block: Buckler           |    16 |    32 |    60 |   114 ||   222

Table legend: (Time is in decaauts)
 A = Elapsed time spent in this place.
 B = Non-inter-level travel time spent in this place.
 C = Inter-level travel time spent in this place.
 D = Time resting spent in this place.
 E = Time spent auto-exploring this place.
 F = Levels seen in this place.
 G = Mean time per level.
                   A        B        C        D        E       F      G
               +--------+--------+--------+--------+--------+-----+--------+
         Total |   8631 |   8292 |    339 |     62 |   6549 |  13 |  663.9 |
       Dungeon |   8163 |   7830 |    333 |     62 |   6286 |  10 |  816.3 |
        Temple |     17 |     11 |      6 |      0 |      7 |   1 |   17.0 |
          Lair |     26 |     26 |      0 |      0 |      0 |   1 |   26.0 |
        Bailey |    423 |    423 |      0 |      0 |    256 |   1 |  423.0 |
               +--------+--------+--------+--------+--------+-----+--------+

Top non-repeatable levels by time:
     D:7: 1262 daAuts
     D:4: 1053 daAuts
     D:1: 1004 daAuts
    D:10: 930 daAuts
     D:3: 888 daAuts
     D:8: 751 daAuts
     D:5: 663 daAuts
     D:2: 662 daAuts
     D:6: 514 daAuts
     D:9: 431 daAuts
  Bailey: 423 daAuts
  Lair:1: 26 daAuts
  Temple: 17 daAuts
